| TOP OF THE 1ST |
|
Wichita State University Shockers batting - Pitching for Oklahoma State University Cowboys : LHP Nate Chacon
|
|
Pitching: LHP Nate Chacon
|
|
|
Batting: RHB Kyle Gill
|
0-0: SINGLE (Groundball, 34D, EV 102.5 MPH)
|
|
Batting: RHB Byron Whitehead
|
0-0: SINGLE (Line Drive, 6D, EV 111.2 MPH) Kyle Gill to second
|
|
Batting: LHB Carlos Flores
|
0-0: Called Strike 0-1: Fly out, F7 (Flyball, 7, EV 87.5 MPH)
|
|
Batting: RHB Jason Adelstein
|
0-0: Called Strike 0-1: Swinging Strike 0-2: Strikes out swinging
|
|
Batting: RHB Marvin Coffey
|
0-0: Ball 1-0: Fielders Choice at 2nd, 6-4 (Groundball, 6, EV 76.9 MPH)
|
| Top of the 1st over - 0 runs, 2 hits, 0 errors, 2 left on base; Wichita State University 0 - Oklahoma State University 0 |
| BOTTOM OF THE 1ST |
|
Oklahoma State University Cowboys batting - Pitching for Wichita State University Shockers : RHP John Fitzpatrick
|
|
Pitching: RHP John Fitzpatrick
|
|
|
Batting: LHB Dwayne Roche
|
0-0: Called Strike 0-1: Ball 1-1: DOUBLE (Flyball, 78D, EV 88.8 MPH)
|
|
Batting: RHB Simon Gravitt
|
0-0: Ball 1-0: Called Strike 1-1: Swinging Strike 1-2: Foul Ball, location: 2F 1-2: Ball 2-2: Ball 3-2: Fly out, F7 (Line Drive, 78M, EV 98.1 MPH)
|
|
Batting: LHB Kyle David
|
0-0: Called Strike 0-1: Foul Ball, location: 2F 0-2: Ball 1-2: Ball 2-2: 2-RUN HOME RUN (Flyball, 9LD, EV 90.0 MPH), Distance : 341 ft
|
|
Batting: LHB Jeff Williams
|
0-0: Ball 1-0: Called Strike 1-1: Ball 2-1: Foul Ball, location: 2F 2-2: Ground out U3 (Groundball, 3, EV 92.5 MPH)
|
|
Batting: RHB Magnus Laursen
|
0-0: Ball 1-0: SOLO HOME RUN (Flyball, 7LD, EV 95.6 MPH), Distance : 352 ft
|
|
Batting: LHB Steve Kimbler
|
0-0: Ball 1-0: Swinging Strike 1-1: Swinging Strike 1-2: Strikes out looking
|
| Bottom of the 1st over - 3 runs, 3 hits, 0 errors, 0 left on base; Wichita State University 0 - Oklahoma State University 3 |
| TOP OF THE 2ND |
|
Wichita State University Shockers batting - Pitching for Oklahoma State University Cowboys : LHP Nate Chacon
|
|
Batting: RHB Alex Zeledon
|
0-0: Ball 1-0: Ball 2-0: Called Strike 2-1: SINGLE (Line Drive, 6MD, EV 88.1 MPH)
|
|
Batting: RHB Jeff Grant
|
0-0: Ball 1-0: Foul Ball, location: 2F 1-1: Swinging Strike 1-2: Ball 2-2: Strikes out swinging
|
|
Batting: SHB Peter Faggard
|
0-0: SINGLE (Line Drive, 6M, EV 111.2 MPH) Alex Zeledon to second
|
|
Batting: LHB Kyle Lee
|
0-0: Swinging Strike 0-1: Foul Ball, location: 2F 0-2: Foul Ball, location: 2F 0-2: Ball 1-2: Foul Ball, location: 2F 1-2: Ball 2-2: Foul Ball, location: 2F 2-2: Foul Ball, location: 2F 2-2: Ball 3-2: Foul Ball, location: 2F 3-2: Base on Balls Alex Zeledon to third Peter Faggard to second
|
|
Batting: RHB Kyle Gill
|
0-0: Fly out, F9 (Flyball, 9, EV 91.9 MPH) Runner from 3rd tags up, SCORES, no throw by RF
|
|
Batting: RHB Byron Whitehead
|
0-0: Called Strike Balk! Peter Faggard to third Kyle Lee to second 0-1: Ball 1-1: Ball 2-1: Foul Ball, location: 2F 2-2: Strikes out swinging
|
| Top of the 2nd over - 1 run, 2 hits, 0 errors, 2 left on base; Wichita State University 1 - Oklahoma State University 3 |
| BOTTOM OF THE 2ND |
|
Oklahoma State University Cowboys batting - Pitching for Wichita State University Shockers : RHP John Fitzpatrick
|
|
Batting: RHB Rory Cardosi
|
0-0: Ball 1-0: Foul Ball, location: 2F 1-1: Fly out, F7 (Flyball, 78M, EV 98.8 MPH)
|
|
Batting: RHB Jose Lopez
|
0-0: Ball 1-0: Swinging Strike 1-1: Called Strike 1-2: Strikes out swinging
|
|
Batting: RHB Bill Tremblett
|
0-0: Called Strike 0-1: Ball 1-1: Foul Ball, location: 2F 1-2: Ball 2-2: Ball 3-2: Strikes out looking
|
| Bottom of the 2nd over - 0 runs, 0 hits, 0 errors, 0 left on base; Wichita State University 1 - Oklahoma State University 3 |
| TOP OF THE 3RD |
|
Wichita State University Shockers batting - Pitching for Oklahoma State University Cowboys : LHP Nate Chacon
|
|
Batting: LHB Carlos Flores
|
0-0: SINGLE (Line Drive, 4M, EV 96.2 MPH)
|
|
Batting: RHB Jason Adelstein
|
0-0: Ball 1-0: Ball 2-0: Swinging Strike 2-1: SINGLE (Line Drive, 78M, EV 105.0 MPH) Carlos Flores to second
|
|
Batting: RHB Marvin Coffey
|
0-0: Called Strike 0-1: Ball 1-1: Swinging Strike 1-2: Fly out, F7 (Line Drive, 7S, EV 106.9 MPH)
|
|
Batting: RHB Alex Zeledon
|
0-0: Ball 1-0: Called Strike 1-1: Ball 2-1: Grounds into double play, 4-6-3 (Groundball, 4MS, EV 86.2 MPH)
|
| Top of the 3rd over - 0 runs, 2 hits, 0 errors, 1 left on base; Wichita State University 1 - Oklahoma State University 3 |
| BOTTOM OF THE 3RD |
|
Oklahoma State University Cowboys batting - Pitching for Wichita State University Shockers : RHP John Fitzpatrick
|
|
Batting: LHB Dwayne Roche
|
0-0: Called Strike 0-1: SINGLE (Line Drive, 5D, EV 93.8 MPH)
|
|
Batting: RHB Simon Gravitt
|
0-0: Called Strike 0-1: Ball 1-1: Ball 2-1: Ball 3-1: Swinging Strike 3-2: Foul Ball, location: 2F 3-2: Base on Balls Dwayne Roche to second
|
|
Batting: LHB Kyle David
|
0-0: Foul Ball, location: 2F 0-1: Swinging Strike 0-2: Ball 1-2: Ball 2-2: Ball Wild Pitch! Dwayne Roche to third Simon Gravitt to second 3-2: Fly out, F9 (Flyball, 9, EV 97.5 MPH) Runner from 3rd tags up, SCORES, throw by RF Simon Gravitt to third
|
|
Batting: LHB Jeff Williams
|
0-0: Ball 1-0: Ground out 3-1 (Groundball, 34S, EV 83.1 MPH) Simon Gravitt scores
|
|
Pitching: LHP Jacob Seymour
|
|
|
Batting: RHB Magnus Laursen
|
0-0: Foul Ball, location: 2F 0-1: DOUBLE (Line Drive, 89D, EV 105.0 MPH)
|
|
Batting: LHB Steve Kimbler
|
0-0: Called Strike 0-1: Foul Ball, location: 2F 0-2: Fly out, F7 (Line Drive, 78S, EV 111.9 MPH)
|
| Bottom of the 3rd over - 2 runs, 2 hits, 0 errors, 1 left on base; Wichita State University 1 - Oklahoma State University 5 |
| TOP OF THE 4TH |
|
Wichita State University Shockers batting - Pitching for Oklahoma State University Cowboys : LHP Nate Chacon
|
|
Batting: RHB Jeff Grant
|
0-0: Ball 1-0: Ball 2-0: Foul Ball, location: 2F 2-1: Called Strike 2-2: Foul Ball, location: 2F 2-2: Ball 3-2: Foul Ball, location: 2F 3-2: Foul Ball, location: 2F 3-2: Strikes out looking
|
|
Batting: SHB Peter Faggard
|
0-0: Ball 1-0: Ball 2-0: Swinging Strike 2-1: Ball 3-1: Base on Balls
|
|
Batting: LHB Kyle Lee
|
0-0: Fly out, F9 (Line Drive, 9, EV 89.4 MPH)
|
|
Batting: RHB Kyle Gill
|
0-0: Ball 1-0: Ball 2-0: Called Strike 2-1: Foul Ball, location: 2F 2-2: Ball 3-2: SINGLE (Line Drive, 8RS, EV 92.5 MPH) Peter Faggard to second Peter Faggard to third
|
|
Batting: RHB Byron Whitehead
|
0-0: Ground out 6-3 (Groundball, 6MS, EV 86.9 MPH)
|
| Top of the 4th over - 0 runs, 1 hit, 0 errors, 2 left on base; Wichita State University 1 - Oklahoma State University 5 |
| BOTTOM OF THE 4TH |
|
Oklahoma State University Cowboys batting - Pitching for Wichita State University Shockers : LHP Jacob Seymour
|
|
Batting: RHB Rory Cardosi
|
0-0: Ball 1-0: Ball 2-0: Ball 3-0: Called Strike 3-1: Ground out 5-3 (Groundball, 5, EV 86.2 MPH)
|
|
Batting: RHB Jose Lopez
|
0-0: Ball 1-0: Ball 2-0: Ball 3-0: Base on Balls
|
|
Batting: RHB Bill Tremblett
|
0-0: Called Strike 0-1: Fly out, F6 (Line Drive, 56, EV 70.0 MPH)
|
|
Batting: LHB Dwayne Roche
|
0-0: Ball 1-0: Called Strike 1-1: Fielders Choice at 2nd, 6-4 (Groundball, 4M, EV 103.8 MPH)
|
| Bottom of the 4th over - 0 runs, 0 hits, 0 errors, 1 left on base; Wichita State University 1 - Oklahoma State University 5 |
| TOP OF THE 5TH |
|
Wichita State University Shockers batting - Pitching for Oklahoma State University Cowboys : LHP Nate Chacon
|
|
Batting: LHB Carlos Flores
|
0-0: Fly out, F8 (Line Drive, 78M, EV 94.4 MPH)
|
|
Batting: RHB Jason Adelstein
|
0-0: Ground out 6-3 (Groundball, 6M, EV 99.4 MPH)
|
|
Batting: RHB Marvin Coffey
|
0-0: Called Strike 0-1: Ball 1-1: Ball 2-1: Foul Ball, location: 2F 2-2: Fly out, F7 (Flyball, 78M, EV 88.8 MPH)
|
| Top of the 5th over - 0 runs, 0 hits, 0 errors, 0 left on base; Wichita State University 1 - Oklahoma State University 5 |
| BOTTOM OF THE 5TH |
|
Oklahoma State University Cowboys batting - Pitching for Wichita State University Shockers : LHP Jacob Seymour
|
|
Batting: RHB Simon Gravitt
|
0-0: Ball 1-0: Ball 2-0: Swinging Strike 2-1: Foul Ball, location: 2F 2-2: Strikes out looking
|
|
Batting: LHB Kyle David
|
0-0: Called Strike 0-1: Called Strike 0-2: Ground out U3 (Groundball, 3, EV 89.4 MPH)
|
|
Batting: LHB Jeff Williams
|
0-0: Ball 1-0: Called Strike 1-1: SINGLE (Line Drive, 3D, EV 94.4 MPH)
|
|
Batting: RHB Magnus Laursen
|
0-0: Called Strike 0-1: Swinging Strike 0-2: 2-RUN HOME RUN (Flyball, 9D, EV 98.1 MPH), Distance : 382 ft
|
|
Batting: LHB Steve Kimbler
|
0-0: Fly out, F7 (Flyball, 78M, EV 87.5 MPH)
|
| Bottom of the 5th over - 2 runs, 2 hits, 0 errors, 0 left on base; Wichita State University 1 - Oklahoma State University 7 |
| TOP OF THE 6TH |
|
Wichita State University Shockers batting - Pitching for Oklahoma State University Cowboys : LHP Nate Chacon
|
|
Batting: RHB Alex Zeledon
|
0-0: Called Strike 0-1: Ball 1-1: Swinging Strike 1-2: Foul Ball, location: 2F 1-2: Foul Ball, location: 2F 1-2: Ball 2-2: Foul Ball, location: 2F 2-2: Ball 3-2: Base on Balls
|
|
Pitching: RHP Rien Klinkenberg
|
|
|
Batting: RHB Jeff Grant
|
0-0: Called Strike 0-1: Foul Ball, location: 2F 0-2: Strikes out swinging
|
|
Batting: SHB Peter Faggard
|
0-0: Ball 1-0: Ball 2-0: Fly out, F7 (Flyball, 7, EV 83.1 MPH)
|
|
Batting: LHB Kyle Lee
|
0-0: Ball Alex Zeledon steals 2nd, throwing error, E2 Alex Zeledon to third 1-0: Ball 2-0: Ground out 4-3 (Groundball, 4, EV 103.1 MPH)
|
| Top of the 6th over - 0 runs, 0 hits, 1 error, 1 left on base; Wichita State University 1 - Oklahoma State University 7 |
| BOTTOM OF THE 6TH |
|
Oklahoma State University Cowboys batting - Pitching for Wichita State University Shockers : LHP Jacob Seymour
|
|
Batting: RHB Rory Cardosi
|
0-0: Foul Ball, location: 2F 0-1: Ball 1-1: Ball 2-1: Foul Ball, location: 2F 2-2: Foul Ball, location: 2F 2-2: Ball 3-2: Strikes out swinging
|
|
Batting: RHB Jose Lopez
|
0-0: Ball 1-0: Fly out, F9 (Line Drive, 9, EV 94.4 MPH)
|
|
Batting: RHB Bill Tremblett
|
0-0: Called Strike 0-1: Foul Ball, location: 2F 0-2: Ball 1-2: Fly out, F2 (Popup, 23F, EV 81.9 MPH)
|
| Bottom of the 6th over - 0 runs, 0 hits, 0 errors, 0 left on base; Wichita State University 1 - Oklahoma State University 7 |
| TOP OF THE 7TH |
|
Wichita State University Shockers batting - Pitching for Oklahoma State University Cowboys : RHP Rien Klinkenberg
|
|
Batting: RHB Kyle Gill
|
0-0: Fly out, F7 (Line Drive, 7, EV 88.8 MPH)
|
|
Batting: RHB Byron Whitehead
|
0-0: Foul Ball, location: 2F 0-1: Ball 1-1: Called Strike 1-2: Fly out, F3 (Popup, 3SF, EV 87.5 MPH)
|
|
Batting: LHB Carlos Flores
|
0-0: Called Strike 0-1: Ball 1-1: Ball 2-1: Ball 3-1: Fly out, F5 (Popup, 56S, EV 78.1 MPH)
|
| Top of the 7th over - 0 runs, 0 hits, 0 errors, 0 left on base; Wichita State University 1 - Oklahoma State University 7 |
| BOTTOM OF THE 7TH |
|
Oklahoma State University Cowboys batting - Pitching for Wichita State University Shockers : LHP Jacob Seymour
|
|
Pitching: LHP Rusty Estes
|
|
|
Batting: LHB Dwayne Roche
|
0-0: Called Strike 0-1: Foul Ball, location: 2F 0-2: Ball 1-2: Foul Ball, location: 2F 1-2: Foul Ball, location: 2F 1-2: Strikes out swinging
|
|
Batting: RHB Simon Gravitt
|
0-0: Ball 1-0: Called Strike 1-1: Called Strike 1-2: Ball 2-2: Foul Ball, location: 2F 2-2: Strikes out swinging
|
|
Batting: LHB Kyle David
|
0-0: Foul Ball, location: 2F 0-1: Ball 1-1: Foul Ball, location: 2F 1-2: SINGLE (Groundball, 4MD, EV 83.8 MPH) (infield hit)
|
|
Batting: LHB Jeff Williams
|
0-0: Foul Ball, location: 2F 0-1: Ground out U3 (Groundball, 34S, EV 82.5 MPH)
|
| Bottom of the 7th over - 0 runs, 1 hit, 0 errors, 1 left on base; Wichita State University 1 - Oklahoma State University 7 |
| TOP OF THE 8TH |
|
Wichita State University Shockers batting - Pitching for Oklahoma State University Cowboys : RHP Rien Klinkenberg
|
|
Pinch Hitting: LHB Troy Davies
|
0-0: Called Strike 0-1: Ball 1-1: Fly out, F8 (Flyball, 8LS, EV 88.1 MPH)
|
|
Batting: RHB Marvin Coffey
|
0-0: Ball 1-0: Foul Ball, location: 2F 1-1: Ball 2-1: Swinging Strike 2-2: Fly out, F8 (Flyball, 89M, EV 86.9 MPH)
|
|
Batting: RHB Alex Zeledon
|
0-0: Ball 1-0: SINGLE (Line Drive, 7S, EV 91.2 MPH)
|
|
Batting: RHB Jeff Grant
|
0-0: Ball 1-0: Ball 2-0: Ball 3-0: Called Strike 3-1: Foul Ball, location: 2F 3-2: Foul Ball, location: 2F 3-2: Fly out, F4 (Popup, 4, EV 59.4 MPH)
|
| Top of the 8th over - 0 runs, 1 hit, 0 errors, 1 left on base; Wichita State University 1 - Oklahoma State University 7 |
| BOTTOM OF THE 8TH |
|
Oklahoma State University Cowboys batting - Pitching for Wichita State University Shockers : LHP Rusty Estes
|
|
Now in LF: Troy Davies
|
|
|
Batting: RHB Magnus Laursen
|
0-0: Called Strike 0-1: Ball 1-1: Foul Ball, location: 2F 1-2: Ball 2-2: Ball 3-2: Foul Ball, location: 2F 3-2: Fly out, F6 (Flyball, 6D, EV 89.4 MPH)
|
|
Batting: LHB Steve Kimbler
|
0-0: Ground out 6-3 (Groundball, 4M, EV 86.2 MPH)
|
|
Batting: RHB Rory Cardosi
|
0-0: Ball 1-0: Ball 2-0: Called Strike 2-1: SINGLE (Groundball, 6MD, EV 103.1 MPH)
|
|
Pitching: RHP Ryan Chase
|
|
|
Batting: RHB Jose Lopez
|
0-0: Ball 1-0: Foul Ball, location: 2F 1-1: Fly out, F9 (Flyball, 9S, EV 87.5 MPH)
|
| Bottom of the 8th over - 0 runs, 1 hit, 0 errors, 1 left on base; Wichita State University 1 - Oklahoma State University 7 |
| TOP OF THE 9TH |
|
Wichita State University Shockers batting - Pitching for Oklahoma State University Cowboys : RHP Rien Klinkenberg
|
|
Pitching: RHP Justin Reed
|
|
|
Batting: SHB Peter Faggard
|
0-0: Called Strike 0-1: Called Strike 0-2: Ball 1-2: Ball 2-2: Foul Ball, location: 2F 2-2: Ball 3-2: Base on Balls
|
|
Batting: LHB Kyle Lee
|
0-0: Ball 1-0: Grounds into double play, 4-6-3 (Groundball, 4M, EV 81.9 MPH)
|
|
Batting: RHB Kyle Gill
|
0-0: Called Strike 0-1: Called Strike 0-2: Strikes out swinging
|
| Top of the 9th over - 0 runs, 0 hits, 0 errors, 0 left on base; Wichita State University 1 - Oklahoma State University 7 |
|